MWL (24 & UNDER)
MINNESOTA DEATH STARS @ CINCINNATI PRIDE
05/30/2027
 
TOP OF THE 1ST
Minnesota Death Stars batting - Pitching for Cincinnati Pride : RHP Roberto Cordero
Pitching: RHP Roberto Cordero
Batting: SHB Manuel Jiménez 0-0: Foul Ball, location: 2F
0-1: Bunted foul
0-2: Ball
1-2: Ball
2-2: Foul Ball, location: 2F
2-2: Foul Ball, location: 2F
2-2: Ball
3-2: Base on Balls
Batting: LHB Júlio Córdova 0-0: Ball
1-0: Ball
2-0: Ball
3-0: Base on Balls
Manuel Jiménez to second
Batting: RHB Raúl Flores 0-0: Ball
1-0: Ball
2-0: Called Strike
Manuel Jiménez steals 3rd base
Júlio Córdova to second
2-1: Ball
3-1: Called Strike
3-2: Foul Ball, location: 2F
3-2: Ground out 4-3 (Groundball, 4MS)
Manuel Jiménez scores
Júlio Córdova to third
Batting: RHB Kel Weeks 0-0: Ball
1-0: Ball
2-0: Ball
3-0: Base on Balls
Batting: LHB Carlos Estrada 0-0: Called Strike
0-1: Ball
1-1: Swinging Strike
1-2: Ball
2-2: Ball
3-2: Foul Ball, location: 2F
3-2: Fly out, F8 (Flyball, 8LM)
Batting: RHB José Chávez 0-0: Ball
1-0: Foul Ball, location: 2F
1-1: Swinging Strike
1-2: Strikes out swinging
Top of the 1st over - 1 run(s), 0 hit(s), 0 error(s), 2 left on base; Minnesota 1 - Cincinnati 0
BOTTOM OF THE 1ST
Cincinnati Pride batting - Pitching for Minnesota Death Stars : RHP Jorge Madrigal
Pitching: RHP Jorge Madrigal
Batting: SHB Jaime Martínez 0-0: Ball
1-0: Called Strike
1-1: Called Strike
1-2: Strikes out looking
Batting: RHB Jorge Silva 0-0: SINGLE (Groundball, 34D)
Batting: LHB John Clark 0-0: Fly out, F6 (Line Drive, 6M)
Batting: LHB Gabriel Aragón 0-0: Ball
1-0: Foul Ball, location: 2F
1-1: Called Strike
1-2: Ball
2-2: Ball
3-2: Ground out 5-3 (Groundball, 56S)
Bottom of the 1st over - 0 run(s), 1 hit(s), 0 error(s), 1 left on base; Minnesota 1 - Cincinnati 0
TOP OF THE 2ND
Minnesota Death Stars batting - Pitching for Cincinnati Pride : RHP Roberto Cordero
Batting: RHB Pat Bray 0-0: Called Strike
0-1: Swinging Strike
0-2: Ball
1-2: Strikes out swinging
Batting: RHB José Rosales 0-0: Called Strike
0-1: Called Strike
0-2: Ball
1-2: Strikes out swinging
Batting: RHB Sidney Smith 0-0: Called Strike
0-1: Ball
1-1: Foul Ball, location: 2F
1-2: Ball
2-2: Strikes out looking
Top of the 2nd over - 0 run(s), 0 hit(s), 0 error(s), 0 left on base; Minnesota 1 - Cincinnati 0
BOTTOM OF THE 2ND
Cincinnati Pride batting - Pitching for Minnesota Death Stars : RHP Jorge Madrigal
Batting: RHB Roger Rush 0-0: Swinging Strike
0-1: Ball
1-1: Swinging Strike
1-2: Ball
2-2: Fly out, F9 (Flyball, 9S)
Batting: RHB Keith Sheehan 0-0: Called Strike
0-1: Called Strike
0-2: Ball
1-2: Ball
2-2: Strikes out swinging
Batting: RHB George Martin 0-0: Ball
1-0: Foul Ball, location: 2F
1-1: SINGLE (Groundball, 56D)
Batting: RHB Gary Miller 0-0: Ball
1-0: SINGLE (Line Drive, 34D)
George Martin to second
Batting: SHB Jorge Maldonado 0-0: Ball
1-0: 3-RUN HOME RUN (Flyball, 9LD), Distance : 363 ft
Batting: SHB Jaime Martínez 0-0: Called Strike
0-1: Ball
1-1: Ball
2-1: Ball
3-1: Foul Ball, location: 2F
3-2: Single, Error in OF, E7, batter to second base
Batting: RHB Jorge Silva 0-0: Ball
1-0: Fly out, F9 (Flyball, 9)
Bottom of the 2nd over - 3 run(s), 4 hit(s), 1 error(s), 1 left on base; Minnesota 1 - Cincinnati 3
TOP OF THE 3RD
Minnesota Death Stars batting - Pitching for Cincinnati Pride : RHP Roberto Cordero
Batting: SHB Manuel Jiménez 0-0: SINGLE (Flyball, 8LS)
Batting: LHB Júlio Córdova 0-0: Called Strike
0-1: SINGLE (Groundball, 4MD)
Manuel Jiménez to second
Batting: RHB Raúl Flores 0-0: Called Strike
0-1: Ball
1-1: Reached on error, E9 (Flyball, 9)
Manuel Jiménez to third
Júlio Córdova to second
Batting: RHB Kel Weeks 0-0: Foul Ball, location: 2F
0-1: Swinging Strike
0-2: Ball
1-2: Foul Ball, location: 2F
1-2: Strikes out swinging
Batting: LHB Carlos Estrada 0-0: Ball
1-0: Swinging Strike
1-1: Swinging Strike
1-2: Strikes out swinging
Batting: RHB José Chávez 0-0: Ball
1-0: Foul Ball, location: 2F
1-1: Ball
2-1: Ball
3-1: SINGLE (Flyball, 8LS)
Manuel Jiménez scores
Júlio Córdova to third
Raúl Flores to second
Runner from 3rd tries for Home, SAFE, no throw
Batting: RHB Pat Bray 0-0: Ball
1-0: DOUBLE (Line Drive, 8LD)
Raúl Flores scores
José Chávez to third
Runner from 3rd tries for Home, SAFE, no throw
Batting: RHB José Rosales 0-0: Ball
1-0: Swinging Strike
1-1: Foul Ball, location: 2F
1-2: Foul Ball, location: 2F
1-2: Foul Ball, location: 2F
1-2: Ball
2-2: Ball
3-2: Foul Ball, location: 2F
3-2: Strikes out swinging
Top of the 3rd over - 4 run(s), 4 hit(s), 1 error(s), 1 left on base; Minnesota 5 - Cincinnati 3
BOTTOM OF THE 3RD
Cincinnati Pride batting - Pitching for Minnesota Death Stars : RHP Jorge Madrigal
Batting: LHB John Clark 0-0: Ball
1-0: Fly out, F8 (Flyball, 8LS)
Batting: LHB Gabriel Aragón 0-0: Ground out 6-3 (Groundball, 6)
Batting: RHB Roger Rush 0-0: Ball
1-0: Swinging Strike
1-1: SINGLE (Line Drive, 34)
Batting: RHB Keith Sheehan 0-0: Called Strike
0-1: Ball
1-1: Fly out, F9 (Flyball, 9LS)
Bottom of the 3rd over - 0 run(s), 1 hit(s), 0 error(s), 1 left on base; Minnesota 5 - Cincinnati 3
TOP OF THE 4TH
Minnesota Death Stars batting - Pitching for Cincinnati Pride : RHP Roberto Cordero
Batting: RHB Sidney Smith 0-0: Swinging Strike
0-1: Foul Ball, location: 2F
0-2: Ball
1-2: Strikes out swinging
Batting: SHB Manuel Jiménez 0-0: Called Strike
0-1: Called Strike
0-2: Ball
1-2: Hit by Pitch
Pitching: RHP Pedro Ayala
Batting: LHB Júlio Córdova 0-0: Ball
Manuel Jiménez steals 2nd base
1-0: Ball
2-0: Ball
3-0: Called Strike
3-1: Called Strike
3-2: SINGLE (Flyball, 9S)
Manuel Jiménez to third
Runner from 3rd tries for Home, SAFE, no throw
Batting: RHB Raúl Flores 0-0: Ball
1-0: Called Strike
1-1: Ball
2-1: Fly out, F9 (Flyball, 9)
Batting: RHB Kel Weeks 0-0: Ball
Júlio Córdova is caught stealing 2nd base
Top of the 4th over - 1 run(s), 1 hit(s), 0 error(s), 0 left on base; Minnesota 6 - Cincinnati 3
BOTTOM OF THE 4TH
Cincinnati Pride batting - Pitching for Minnesota Death Stars : RHP Jorge Madrigal
Batting: RHB George Martin 0-0: Fly out, F9 (Line Drive, 89M)
Batting: RHB Gary Miller 0-0: Called Strike
0-1: Ball
1-1: Ball
2-1: Swinging Strike
2-2: Ball
3-2: Base on Balls
Batting: SHB Jorge Maldonado 0-0: Ball
1-0: Fielders Choice at 2nd, 4-6 (Groundball, 4)
Batting: SHB Jaime Martínez 0-0: Called Strike
0-1: DOUBLE (Line Drive, 9LS)
Jorge Maldonado to third
Runner from 3rd tries for Home, SAFE, no throw
Batting: RHB Jorge Silva 0-0: SINGLE (Line Drive, 89S)
Jaime Martínez to third
Runner from 3rd tries for Home, SAFE, no throw
Batting: LHB John Clark 0-0: Ball
1-0: SINGLE (Groundball, 34S) (infield hit)
Jorge Silva to second
Batting: LHB Gabriel Aragón 0-0: Fielders Choice at 2nd, 4-6 (Groundball, 4)
Bottom of the 4th over - 2 run(s), 3 hit(s), 0 error(s), 1 left on base; Minnesota 6 - Cincinnati 5
TOP OF THE 5TH
Minnesota Death Stars batting - Pitching for Cincinnati Pride : RHP Pedro Ayala
Batting: RHB Kel Weeks 0-0: Called Strike
0-1: Ball
1-1: Foul Ball, location: 2F
1-2: Fly out, F7 (Flyball, 7)
Batting: LHB Carlos Estrada 0-0: Called Strike
0-1: Ground out U3 (Groundball, 34)
Batting: RHB José Chávez 0-0: Called Strike
0-1: Swinging Strike
0-2: Ground out U3 (Groundball, 34)
Top of the 5th over - 0 run(s), 0 hit(s), 0 error(s), 0 left on base; Minnesota 6 - Cincinnati 5
BOTTOM OF THE 5TH
Cincinnati Pride batting - Pitching for Minnesota Death Stars : RHP Jorge Madrigal
Batting: RHB Roger Rush 0-0: Reached on error, E6 (Groundball, 6)
Batting: RHB Keith Sheehan 0-0: Ball
1-0: Ball
2-0: TRIPLE (Flyball, 9LM)
Roger Rush scores
Batting: RHB George Martin 0-0: Ball
1-0: Ball
2-0: Called Strike
2-1: SINGLE (Groundball, 56D)
Keith Sheehan scores
Batting: RHB Gary Miller 0-0: Called Strike
0-1: Swinging Strike
0-2: Fielders Choice at 2nd, 6-4 (Groundball, 56)
Batting: SHB Jorge Maldonado 0-0: Called Strike
0-1: Swinging Strike
0-2: Foul Ball, location: 2F
0-2: Foul Ball, location: 2F
0-2: Ball
1-2: Hit by Pitch
Gary Miller to second
Batting: SHB Jaime Martínez 0-0: Fly out, F8 (Flyball, 8LM)
Batting: RHB Jorge Silva 0-0: Ball
1-0: Swinging Strike
1-1: Foul Ball, location: 2F
1-2: Ball
2-2: Foul Ball, location: 2F
2-2: Ground out 6-3 (Groundball, 56)
Bottom of the 5th over - 2 run(s), 2 hit(s), 1 error(s), 2 left on base; Minnesota 6 - Cincinnati 7
TOP OF THE 6TH
Minnesota Death Stars batting - Pitching for Cincinnati Pride : RHP Pedro Ayala
Batting: RHB Pat Bray 0-0: Swinging Strike
0-1: Ball
1-1: Ball
2-1: Swinging Strike
2-2: Foul Ball, location: 2F
2-2: Strikes out looking
Batting: RHB José Rosales 0-0: Called Strike
0-1: Foul Ball, location: 2F
0-2: Ball
1-2: Ball
2-2: Ground out 4-3 (Groundball, 4)
Batting: RHB Sidney Smith 0-0: Ball
1-0: Called Strike
1-1: Ball
2-1: Swinging Strike
2-2: Ball
3-2: Base on Balls
Batting: SHB Manuel Jiménez 0-0: Ball
1-0: Foul Ball, location: 2F
1-1: Called Strike
1-2: Ball
2-2: Foul Ball, location: 2F
2-2: Ground out 1-3 (Groundball, 15S)
Top of the 6th over - 0 run(s), 0 hit(s), 0 error(s), 1 left on base; Minnesota 6 - Cincinnati 7
BOTTOM OF THE 6TH
Cincinnati Pride batting - Pitching for Minnesota Death Stars : RHP Jorge Madrigal
Pitching: RHP Pedro Ortíz
Batting: LHB John Clark 0-0: Ball
1-0: Called Strike
1-1: Ball
2-1: SINGLE (Groundball, 6MD)
Batting: LHB Gabriel Aragón 0-0: Swinging Strike
0-1: Ball
1-1: SINGLE (Groundball, 4MD)
John Clark to second
Pitching: RHP Dani Quintela
Batting: RHB Roger Rush 0-0: Called Strike
0-1: Ball
1-1: Ball
2-1: Ball
3-1: SINGLE (Groundball, 34D)
John Clark to third
Gabriel Aragón to second
Batting: RHB Keith Sheehan 0-0: Ball
1-0: Ball
2-0: Ball
3-0: Called Strike
3-1: Foul Ball, location: 2F
3-2: Fly out, F9 (Flyball, 89S)
Pitching: RHP Luis López
Batting: RHB George Martin 0-0: Grounds into fielders choice 6-2 (Groundball, 6S)
Gabriel Aragón to third
Roger Rush to second
Batting: RHB Gary Miller 0-0: Ball
1-0: Called Strike
1-1: Ball
2-1: Swinging Strike
2-2: Ball
3-2: Foul Ball, location: 2F
3-2: Base on Balls
Gabriel Aragón scores
Roger Rush to third
George Martin to second
Pitching: LHP Tom Workman
Batting: SHB Jorge Maldonado 0-0: SINGLE (Groundball, 34D)
Roger Rush scores
George Martin to third
Gary Miller to second
Runner from 3rd tries for Home, SAFE, no throw
Batting: SHB Jaime Martínez 0-0: Ball
1-0: Foul Ball, location: 2F
1-1: Ball
2-1: Ball
3-1: Called Strike
3-2: Foul Ball, location: 2F
3-2: Foul Ball, location: 2F
3-2: Strikes out swinging
Bottom of the 6th over - 3 run(s), 4 hit(s), 0 error(s), 2 left on base; Minnesota 6 - Cincinnati 10
TOP OF THE 7TH
Minnesota Death Stars batting - Pitching for Cincinnati Pride : RHP Pedro Ayala
Batting: LHB Júlio Córdova 0-0: Foul Ball, location: 2F
0-1: Fly out, F8 (Flyball, 8RM)
Batting: RHB Raúl Flores 0-0: Ground out 5-3 (Groundball, 56)
Batting: RHB Kel Weeks 0-0: Called Strike
0-1: SINGLE (Groundball, 56D)
Batting: LHB Carlos Estrada 0-0: Reached on error, E4 (Groundball, 4)
Kel Weeks to second
Batting: RHB José Chávez 0-0: Foul Ball, location: 2F
0-1: Fielders Choice at 2nd, 5-4 (Groundball, 56)
Top of the 7th over - 0 run(s), 1 hit(s), 1 error(s), 1 left on base; Minnesota 6 - Cincinnati 10
BOTTOM OF THE 7TH
Cincinnati Pride batting - Pitching for Minnesota Death Stars : LHP Tom Workman
Batting: RHB Jorge Silva 0-0: Single, Error in OF, E8, batter to second base
Pitching: RHP Alfredo Cabral
Batting: LHB John Clark 0-0: Ground out 3-1 (Groundball, 34)
Jorge Silva to third
Batting: LHB Gabriel Aragón 0-0: Intentional Walk
Batting: RHB Roger Rush 0-0: Ball
1-0: Ball
2-0: Ball
3-0: Called Strike
3-1: Fly out, F5 (Line Drive, 56S)
Lined into DP, U5 (Line Drive, 56S)
Bottom of the 7th over - 0 run(s), 1 hit(s), 1 error(s), 1 left on base; Minnesota 6 - Cincinnati 10
TOP OF THE 8TH
Minnesota Death Stars batting - Pitching for Cincinnati Pride : RHP Pedro Ayala
Pitching: LHP Josh Wall
Batting: RHB Pat Bray 0-0: SINGLE (Line Drive, 56D)
Batting: RHB José Rosales 0-0: Called Strike
0-1: Ball
1-1: Fly out, F9 (Flyball, 9)
Batting: RHB Sidney Smith 0-0: Ball
1-0: Foul Ball, location: 2F
1-1: Foul Ball, location: 2F
1-2: Ball
2-2: Ball
3-2: SINGLE (Line Drive, 56D)
Pat Bray to second
Pitching: RHP José Bruschy
Batting: SHB Manuel Jiménez 0-0: Called Strike
0-1: Called Strike
0-2: Ball
1-2: Foul Ball, location: 2F
1-2: Strikes out swinging
Batting: LHB Júlio Córdova 0-0: Called Strike
0-1: Foul Ball, location: 2F
0-2: Ball
1-2: Fielders Choice at 2nd, 4-6 (Groundball, 4)
Top of the 8th over - 0 run(s), 2 hit(s), 0 error(s), 1 left on base; Minnesota 6 - Cincinnati 10
BOTTOM OF THE 8TH
Cincinnati Pride batting - Pitching for Minnesota Death Stars : RHP Alfredo Cabral
Batting: RHB Keith Sheehan 0-0: Ball
1-0: Swinging Strike
1-1: Foul Ball, location: 2F
1-2: Foul Ball, location: 2F
1-2: Strikes out swinging
Batting: RHB George Martin 0-0: Ball
1-0: Swinging Strike
1-1: Swinging Strike
1-2: Strikes out swinging
Batting: RHB Gary Miller 0-0: Foul Ball, location: 2F
0-1: Swinging Strike
0-2: Strikes out looking
Bottom of the 8th over - 0 run(s), 0 hit(s), 0 error(s), 0 left on base; Minnesota 6 - Cincinnati 10
TOP OF THE 9TH
Minnesota Death Stars batting - Pitching for Cincinnati Pride : RHP José Bruschy
Batting: RHB Raúl Flores 0-0: Ball
1-0: Ball
2-0: Called Strike
2-1: Foul Ball, location: 2F
2-2: Foul Ball, location: 2F
2-2: Foul Ball, location: 2F
2-2: Ball
3-2: Strikes out swinging
Batting: RHB Kel Weeks 0-0: Called Strike
0-1: Ball
1-1: Foul Ball, location: 2F
1-2: SOLO HOME RUN (Flyball, 7D), Distance : 390 ft
Batting: LHB Carlos Estrada 0-0: Called Strike
0-1: Ball
1-1: Swinging Strike
1-2: Foul Ball, location: 2F
1-2: Strikes out swinging
Batting: RHB José Chávez 0-0: Called Strike
0-1: Foul Ball, location: 2F
0-2: Foul Ball, location: 2F
0-2: Strikes out swinging
Top of the 9th over - 1 run(s), 1 hit(s), 0 error(s), 0 left on base; Minnesota 7 - Cincinnati 10
Thursday, March 30th, 2017 - OOTP Baseball 17.12 Build 75